 Dungeon Crawl Stone Soup version 0.28-a0-863-g8cecda6153 (webtiles) character file.

Game seed: 16033088600995159736

166 ryw the Skirmisher (level 5, -1/44 HPs)
             Began as a Demonspawn Monk on Nov 19, 2021.
             Slain by an iguana (11 damage)
             ... on level 4 of the Dungeon.
             The game lasted 00:03:58 (2786 turns).

ryw the Skirmisher (Demonspawn Monk)                Turns: 2786, Time: 00:03:58

Health: -1/44      AC: 11    Str: 11    XL:     5   Next: 22%
Magic:  5/5        EV:  9    Int: 12    God:
Gold:   117        SH:  0    Dex: 16    Spells: 4/4 levels left

rFire   . . .      SeeInvis .     - Unarmed
rCold   . . .      Faith    .   (no shield)
rNeg    . . .      Spirit   .   h - +0 scale mail
rPois   .          Reflect  .   l - +0 helmet
rElec   .          Harm     .   (no cloak)
rCorr   .          Rampage  .   (no gloves)
Will    .....                   k - +0 pair of boots
Stlth   +.........              (no amulet)
HPRegen 0.14/turn               (no ring)
MPRegen 0.09/turn               (no ring)

@: studying Unarmed Combat
A: slimy green scales 2, spiny 1
a: no special abilities


You were on level 4 of the Dungeon.
You visited 1 branch of the dungeon, and saw 4 of its levels.

You collected 117 gold pieces.

Inventory:

Hand Weapons
 m - a +0 long sword
Armour
 a - a +0 robe
 h - a +0 scale mail (worn)
 k - a +0 pair of boots (worn)
 l - a +0 helmet (worn)
Jewellery
 f - a ring of flight
Scrolls
 e - a scroll of holy word {unknown}
 g - 3 scrolls of blinking {unknown}
 n - a scroll of fog {unknown}
Potions
 b - a potion of curing {unknown}
 c - 3 potions of mutation {unknown}
 d - a potion of haste {unknown}
 i - 2 potions of ambrosia {unknown}
 j - a potion of degeneration {unknown}


   Skills:
 + Level 5.2 Fighting
 + Level 2.1 Armour
 - Level 2.6 Dodging
 - Level 1.7 Stealth
 * Level 3.1 Unarmed Combat


You had 4 spell levels left.
You didn't know any spells.
Your spell library contained the following spells:

 Spells                   Type           Power      Damage    Failure   Level
 Shock                    Conj/Air       0%         1d3       88%         1
 Conjure Flame            Conj/Fire      0%         6-21      99%         3
 Ignite Poison            Fire/Tmut/Pois 0%         N/A       99%         3
 Sticky Flame             Conj/Fire      0%         2d3       100%        4


Dungeon Overview and Level Annotations

Branches:
Dungeon (4/15)
 Temple: D:4-7

Altars:


Innate Abilities, Weirdness & Mutations

You are mostly covered in slimy green scales. (AC +3)
You are partially covered in sharp spines.


Message History

The iguana barely misses you.
You hit the iguana but do no damage.
The iguana is lightly wounded.
The iguana bites you but does no damage.
You closely miss the iguana.
The iguana is lightly wounded.
The iguana bites you but does no damage.
You hit the iguana.
The iguana is moderately wounded.
The iguana closely misses you.
You hit the iguana but do no damage.
The iguana is moderately wounded.
The iguana closely misses you.
You hit the iguana. You punch the iguana.
The iguana is heavily wounded.
The iguana bites you.
You barely miss the iguana.
The iguana is heavily wounded.
The iguana is struck by your spines. The iguana bites you!
You are too injured to fight recklessly!
You are too injured to fight recklessly!
You are too injured to fight recklessly!
You are too injured to fight recklessly!
You are too injured to fight recklessly!
You are too injured to fight recklessly!
You closely miss the iguana.
The iguana is heavily wounded.
The iguana is struck by your spines. The iguana bites you.
* * * LOW HITPOINT WARNING * * *
Unknown command.
You hit the iguana but do no damage.
The iguana is severely wounded.
Unknown command.
You hit the iguana.
The iguana is severely wounded.
The iguana is struck by your spines. The iguana closely misses you.
You completely miss the iguana.
The iguana is almost dead.
The iguana bites you!
You die...

#.#..# ).#..# #.# ..#..#
##.## .....# #...#
...<.# #...# ...####
#...# ......####...#####
.................####..#
................@l.....#
....##...........##.....
....####<#...#.### ..#
...## #.#...#.# # ####
#.#...#.# #.#...#.#
#.......# ####.#### #.


You could see an iguana.

Vanquished Creatures
  A hound (D:4)
  A bullfrog skeleton (D:4)
  4 adders
  A worm (D:2)
  A dart slug (D:2)
  3 orcs
  3 ball pythons
  10 endoplasms
  A giant cockroach (D:2)
  4 goblins
  8 hobgoblins
  6 kobolds
  2 quokkas
  6 bats
  8 frilled lizards
  7 rats
66 creatures vanquished.

Vanquished Creatures (others)
  A plant (D:2)
1 creature vanquished.

Grand Total: 67 creatures vanquished

Notes
Turn   | Place    | Note
-------+----------+-------------------------------------------
     0 | D:1      | ryw the Demonspawn Monk began the quest for the Orb.
     0 | D:1      | Reached XP level 1. HP: 18/18 MP: 1/1
   286 | D:1      | Gained mutation: You are partially covered in sharp spines.
                  | [demonic ancestry]
   286 | D:1      | Reached XP level 2. HP: 20/24 MP: 2/2
   700 | D:2      | Reached skill level 4 in Fighting
   899 | D:2      | Gained mutation: You are partially covered in slimy green
                  | scales. (AC +2) [demonic ancestry]
   899 | D:2      | Reached XP level 3. HP: 25/30 MP: 3/3
  1388 | D:2      | Found a faded altar of an unknown god.
  1447 | D:2      | Got Plato's Grimoire of Weightlessness
  1901 | D:3      | Reached skill level 1 in Armour
  1901 | D:3      | Gained mutation: You are mostly covered in slimy green
                  | scales. (AC +3) [demonic ancestry]
  1901 | D:3      | Reached XP level 4. HP: 33/38 MP: 4/4
  2380 | D:4      | Noticed a yak
  2511 | D:4      | Reached skill level 5 in Fighting
  2617 | D:4      | Reached XP level 5. HP: 41/44 MP: 5/5
  2786 | D:4      | Slain by an iguana

Illustrated notes

Levels and vault maps discovered:
D:1:      tarquinn_simple_flora_water_b, layout_rooms
D:2:      layout_basic, shapermc_ecumenical_altar_rom_forum
D:3:      layout_basic
D:4:      layout_loops_cross, minmay_manual_monstrance

Skill      XL: |  1  2  3  4  5 |
---------------+----------------+-----
Fighting       | 4 5 |  5.2
Armour         | 1 2 |  2.1
Unarmed Combat | 3 |  3.1
Dodging        | |  2.6
Stealth        | |  1.7

Action                   |  1- 3 |  4- 6 || total
-------------------------+-------+-------++-------
Melee: Unarmed           |   115 |    59 ||   174
       Punch             |     1 |     1 ||     2
       Long sword        |       |     6 ||     6
 Stab: Sleeping          |     3 |       ||     3
Armor: Robe              |     4 |       ||     4
       Leather armour    |     5 |       ||     5
       Scale mail        |    13 |    23 ||    36
Dodge: Dodged            |    47 |    28 ||    75

Table legend: (Time is in decaauts)
 A = Elapsed time spent in this place.
 B = Non-inter-level travel time spent in this place.
 C = Inter-level travel time spent in this place.
 D = Time resting spent in this place.
 E = Time spent auto-exploring this place.
 F = Levels seen in this place.
 G = Mean time per level.
                   A        B        C        D        E       F      G
               +--------+--------+--------+--------+--------+-----+--------+
         Total |   2780 |   2626 |    154 |     38 |   2081 |   4 |  695.0 |
       Dungeon |   2780 |   2626 |    154 |     38 |   2081 |   4 |  695.0 |
               +--------+--------+--------+--------+--------+-----+--------+

Top non-repeatable levels by time:
     D:2: 924 daAuts
     D:3: 879 daAuts
     D:1: 653 daAuts
     D:4: 323 daAuts
